 Dungeon Crawl Stone Soup version 0.21-a0-440-g28109cb (webtiles) character file.

140 slep the Skirmisher (level 5, 0/47 HPs)
             Began as a Minotaur Fighter on Nov 11, 2017.
             Slain by an ogre
             ... wielding a +0 giant club
              (18 damage)
             ... on level 4 of the Dungeon.
             The game lasted 00:06:43 (1688 turns).

slep the Skirmisher (Minotaur Fighter)              Turns: 1688, Time: 00:06:44

Health: 0/47       AC:  8    Str: 21    XL:     5   Next: 2%
Magic:  4/4        EV:  8    Int:  6    God:
Gold:   132        SH:  9    Dex:  9    Spells: 4/4 levels left

rFire    . . .     SeeInvis .   a - +0 long sword
rCold    + . .     Gourm    .   c - +0 shield
rNeg     . . .     Faith    .   b - +0 scale mail
rPois    .         Spirit   .   (helmet restricted)
rElec    .         Reflect  .   (no cloak)
rCorr    .         Harm     .   i - +0 pair of gloves
MR       .....                  (no boots)
Stlth    ..........             (no amulet)
HPRegen  0.15/turn              q - ring of protection from cold
MPRegen  0.09/turn              (no ring)

@: no status effects
A: retaliatory headbutt, horns 2
a: no special abilities


You were on level 4 of the Dungeon.
You were hungry.

You visited 1 branch of the dungeon, and saw 4 of its levels.

You collected 132 gold pieces.

Inventory:

Hand Weapons
 a - a +0 long sword (weapon)
Armour
 b - a +0 scale mail (worn)
 c - a +0 shield (worn)
 i - a +0 pair of gloves (worn)
Jewellery
 q - a ring of protection from cold (left hand)
Scrolls
 h - a scroll of immolation {unknown}
 l - a scroll of teleportation {unknown}
 n - a scroll of amnesia {unknown}
 o - 2 scrolls of identify {unknown}
 r - a scroll of random uselessness {unknown}
 t - a scroll of magic mapping {unknown}
Potions
 d - a potion of might
 e - 3 potions of heal wounds {unknown}
 g - a potion of invisibility {unknown}
 j - a potion of degeneration {unknown}
 m - 2 potions of curing {unknown}
 s - a potion of lignification {unknown}
Comestibles
 f - 3 bread rations
 k - a meat ration
 p - a royal jelly


   Skills:
 + Level 4.6 Fighting
 + Level 3.8 Long Blades
 + Level 4.6 Armour
 + Level 0.7 Dodging
 + Level 4.4 Shields


You had 4 spell levels left.
You didn't know any spells.

Dungeon Overview and Level Annotations

Branches:
Dungeon (4/15)
 Temple: D:4-7

Altars:
Elyvilon
Nemelex Xobeh
Trog


Innate Abilities, Weirdness & Mutations

You reflexively headbutt those who attack you in melee.
You have a pair of horns on your head.


Message History

Your shield prevents you from hitting the ogre.
You headbutt the ogre, but do no damage.
The ogre hits you with a giant club!
You hit the ogre.
The ogre is lightly wounded.
The ogre barely misses you. You furiously retaliate!
You headbutt the ogre. You hit the ogre but do no damage.
The ogre is moderately wounded.
The ogre hits you with a giant club.
You hit the ogre.
You headbutt the ogre, but do no damage.
The ogre is heavily wounded.
The ogre hits you with a giant club.
You hit the ogre.
The ogre is severely wounded.
The ogre hits you with a giant club!
You slash the ogre!
The ogre is almost dead.
The ogre hits you with a giant club!!
You die...

##........#
#.......(.###
+...........
#.........#
#.......#
#.....# #.O.#
#@# #.# #.#
##.## ##...##
#.....# ##...##
#.######.######
#....<..........


You could see an ogre.

Vanquished Creatures
  A bullfrog skeleton (D:2)
  3 adders
  2 oozes (D:3)
  2 worms (D:2)
  2 dart slugs
  2 orcs (D:3)
  4 giant cockroaches
  11 goblins
  7 hobgoblins
  3 jackals (D:1)
  2 quokkas (D:3)
  4 bats (D:1)
  4 frilled lizards
  7 kobolds
  9 rats
63 creatures vanquished.

Notes
Turn   | Place    | Note
-------+----------+-------------------------------------------
     0 | D:1      | slep the Minotaur Fighter began the quest for the Orb.
     0 | D:1      | Reached XP level 1. HP: 19/19 MP: 0/0
    16 | D:1      | Reached XP level 2. HP: 27/27 MP: 1/1
   176 | D:1      | Reached XP level 3. HP: 30/33 MP: 2/2
   388 | D:2      | Found a white marble altar of Elyvilon.
   487 | D:2      | Reached XP level 4. HP: 32/40 MP: 3/3
   616 | D:2      | Found a bloodstained altar of Trog.
  1201 | D:3      | Found a sparkling altar of Nemelex Xobeh.
  1556 | D:3      | Reached XP level 5. HP: 45/47 MP: 4/4
  1679 | D:4      | Noticed an ogre
  1688 | D:4      | Slain by an ogre

Vault maps used:
D:1:      dpeg_arrival_tiny_b
D:2:      bloody_trog, grunt_decor_fettered, elyvilon_altar_5
D:3:      lemuel_doored_altar
D:4:      kiku_gazebo_pond_becter, moated_statue, uniq_sigmund, uniq_robin

Skill      XL: |  1  2  3 |
---------------+----------+-----
Shields        | 4 |  4.4
Armour         | 4 |  4.6
Fighting       | 4 |  4.6
Long Blades    | 3 |  3.8
Dodging        | |  0.7

Action                   |  1- 3 |  4- 6 || total
-------------------------+-------+-------++-------
Melee: Long sword        |    76 |    69 ||   145
       Headbutt          |    13 |    13 ||    26
  Eat: Chunk             |       |     2 ||     2
Armor: Scale mail        |    28 |    35 ||    63
Dodge: Dodged            |    21 |    15 ||    36
Block: Shield            |    42 |    29 ||    71
       Rpst.: Long sword |     2 |     3 ||     5

Table legend:
 A = Spawn XP
 B = Non-spawn XP
 C = Spawn XP percentage of total XP
 D = Spawn monster count
 E = Non-spawn monster count
 F = Spawn count percentage of total count
 G = Total turns spent on level
                    A         B        C        D         E        F      G
               +---------+---------+-------+---------+---------+-------+---------
         Total |       0 |     200 |   0.0 |       0 |      63 |   0.0 |  1688
               +---------+---------+-------+---------+---------+-------+---------
           D:1 |       0 |      48 |   0.0 |       0 |      27 |   0.0 |   388
           D:2 |       0 |     100 |   0.0 |       0 |      18 |   0.0 |   656
           D:3 |       0 |      52 |   0.0 |       0 |      18 |   0.0 |   625
               +---------+---------+-------+---------+---------+-------+---------
